 Dungeon Sprint DCSS version 0.24-a0-249-g2af7e83 (webtiles) character file.

Game seed: 13013483600646512036

40068 MikeHunt the Imperceptible (level 13, -19/105 HPs)
             Began as a Felid Transmuter on Apr 13, 2019.
             Was the Champion of Nemelex Xobeh.
             Demolished by a stone giant (38 damage)
             ... in the Dungeon (Sprint III: "The Ten Rune Challenge").
             The game lasted 01:00:34 (8153 turns).

MikeHunt the Imperceptible (Felid Transmuter)       Turns: 8153, Time: 01:00:35

Health: -19/105    AC:  3    Str: 12    XL:     13   Next: 2%
Magic:  20/26      EV: 34    Int: 17    God:    Nemelex Xobeh [******]
Gold:   250        SH:  0    Dex: 22    Spells: 8/29 levels left
                                        Lives:  0   Deaths: 4

rFire    . . .     SeeInvis +     - Unarmed
rCold    + . .     Gourm    .   (shield unavailable)
rNeg     . . .     Faith    .   (armour unavailable)
rPois    .         Spirit   .   (helmet unavailable)
rElec    .         Reflect  .   (cloak unavailable)
rCorr    .         Harm     .   (gloves unavailable)
MR       +....     Clarity  +   (boots unavailable) Stlth ..........NoTele +
                                (no amulet)
HPRegen  0.27/turn              (no ring)
MPRegen  0.20/turn              (no ring)

@: berserking, blade paws, very quick
A: very small, no armour, no weapons or thrown items, stealth, antennae 1, claws
1, fangs 3, see invisible, agile 2, carnivore, clarity, speed 1, shaggy fur 3,
slow metabolism 1
}: 1/10 runes: barnacled
a: End Transformation, Draw Escape, Draw Destruction, Draw Summoning, Draw
Stack, Triple Draw, Deal Four, Stack Five, Renounce Religion


You were in the Dungeon.
You worshipped Nemelex Xobeh.
Nemelex Xobeh was exalted by your worship.
You were very full.
You had blades for front paws.
You visited 1 branch You collected 3351 gold pieces.
You spent 3101 gold pieces at shops.

Inventory:

Missiles
 a - 98 arrows
Wands
 w - a wand of disintegration (30)
 x - a wand of enslavement (11)
Scrolls
 n - a scroll of torment
 o - 2 scrolls of remove curse
Potions
 b - 3 potions of mutation
 d - 3 potions of curing
 f - 2 potions of haste
 g - 2 potions of magic
 h - a potion of berserk rage
 m - a potion of ambrosia
 p - 3 potions of flight
 r - a potion of might
 t - 2 potions of agility
 v - a potion of brilliance
Miscellaneous
 i - a lightning rod (4/4)
 q - a box of beasts
 s - a lamp of fire
 u - a fan of gales
Comestibles
 c - 14 rations


   Skills:
 - Level 15.8 Fighting
 - Level 16.4 Dodging
 - Level 21.5 Stealth
 - Level 16.2 Unarmed Combat
 + Level 8.5 Spellcasting
 - Level 8.9 Conjurations
 - Level 9.6 Transmutations
 - Level 8.9 Fire Magic
 - Level 5.0 Ice Magic
 - Level 3.7 Poison Magic
 + Level 14.0 Invocations
 - Level 11.3 Evocations


You had 8 spell levels left.
You knew the following spells:

 Your Spells              Type           Power        Failure   Level  Hunger
a - Apportation           Tloc           #.....       45%         1    None
b - Ice Form              Ice/Tmut       ####....     32%         4    ###....
c - Spider Form           Tmut/Pois      ####......   21%         3    #......
e - Beastly Appendage     Tmut           #####.       9%          1    None
f - Fireball              Conj/Fire      #####.....   38%         5    #####..
g - Blade Hands           Tmut           #####.....   34%         5    #####..
r - Sticks to Snakes      Tmut           #####...     10%         2    None

Your spell library contained the following spells:

 Spells                   Type           Power        Failure   Level  Hunger
 Ignite Poison            Fire/Tmut/Pois ####....     17%         3    #......
 Passwall                 Tmut/Erth      ###.....     21%         2    None
 Animate Skeleton         Necr           N/A          45%         1    None
 Confusing Touch          Hex            #.....       45%         1    None
 Summon Small Mammal      Summ           #...         45%         1    None
 Petrify                  Tmut/Erth      ###.....     54%         4    ###....
 Swiftness                Chrm/Air       #.......     56%         2    None
 Confuse                  Hex            #.......     73%         3    #......
 Bolt of Fire             Conj/Fire      #####.....   78%         6    ######.
 Cause Fear               Hex            #.........   95%         4    ###....
 Passage of Golubria      Tloc           N/A          95%         4    ###....
 Metabolic Englaciation   Hex/Ice        ###.......   95%         5    #####..
 Lee's Rapid Deconstruct  Erth           #.........   99%         5    #####..
 Darkness                 Hex            #.........   100%        6    ######.
 Invisibility             Hex            #.......     100%        6    ######.
 Ring of Flames           Chrm/Fire      ###.......   100%        7    #######
 Ignition                 Fire           #####.....   100%        8    #######


Dungeon Overview and Level Annotations

Branches:
Dungeon (1/1)

Altars:
Cheibriados
Dithmenos
Elyvilon
Fedhas
Gozag
Hepliaklqana
Kikubaaqudgha
Makhleb
Nemelex Xobeh
Okawaru
Qazlal
Ru
Sif Muna
Trog
Uskayaw
Vehumet
Wu Jian
Xom
Yredelemnul
Zin
The Shining One
Beogh
Jiyva
Lugonu

Shops:
D %}(![%:%(=(:%*}!?[%

Annotations:
D exclusions: 2 doors, obsidian statue and 4 statues


Innate Abilities, Weirdness & Mutations

You cannot wear armour.
You are incapable of wielding weapons or throwing items.
Your paws allow you to move quietly. (Stealth)
You have sharp claws.
You have razor-sharp teeth.
You have supernaturally acute eyesight. (SInv)
You are carnivorous and can eat meat at any time.
You cover ground quickly.
Your thick and shaggy fur keeps you warm. (AC +3, rC+)
You have a slow metabolism.
((Your sharp claws are effective at attacking unaware monsters.))
You have a pair of small antennae on your head.
You are very agile. (Dex +4)
You possess an exceptional clarity of mind.


Message History

The shadow dragon bites you.
* * * LOW HITPOINT WARNING * * *
The shadow dragon completely misses you.
The shadow dragon closely misses you.
You slice the shadow dragon!! You slash the shadow dragon.
You kill the shadow dragon!
The shadow dragon scales are intact enough to wear.
Your life force feels restored.
Your Spellcasting skill increases to level 8!
Your Invocations skill increases to level 14!
Welcome back to level 13!
The stone giant misses you.
You slice the stone giant!!
The stone giant is moderately wounded.
You shred the stone giant!!!
The stone giant is almost dead.
You hear a shout!
The stone giant hits you!!!
You die...
Your body glows with a rainbow of weird colours and disappears.

#...≈≈≈≈##§§§.z§§§...§..§§.#
#...≈†≈≈##.#######.Yz§.§p§§#
#.......##..z{p..#.....§.§.#
#.......########.#.§§§..)§.#
#.......##..§...§#......§..#
##############'#############
###******#.#.)...#..(...|§§#
§§#*≈,≈≈≈##.#.#C.#≈≈≈§§§§§§#
§≈#≈,≈*≈≈#...)(#@#§§.§§§§§§#
§§#*,**≈≈##.#.#[##§§§§...§.#
§≈§#**≈≈≈#.#.#.#(§..§......#
#§≈≈≈≈§≈≈################'##
*c§≈≈§≈≈≈#[..#...#..#...§§.#
**#≈≈§≈≈≈#...#...#..#...PP§#
,,*c≈≈§≈≈##'###'##..#..P§P.#
,,**#≈≈###.....).'..#...P..#
,,+{*c##.#.#####.####......#


You could see a stone giant.

Vanquished Creatures
  A lich (D)
  Rupert (D)
  A sphinx (D)
  Harold (D)
  A shadow dragon (D)
  2 dire elephants (D)
  A merfolk javelineer (D)
  Josephine (D)
  3 fire dragons (D)
  A yaktaur captain (D)
  A vault guard (D)
  2 centaur warriors (D)
  An alligator (D)
  A dancing weapon (D)
  3 death yaks (D)
  Urug (D)
  An iron golem (D)
  A sea snake (D)
  A spriggan druid (D)
  A death drake (D)
  A glowing orange brain (D)
  A deep troll (D)
  2 skeletal warriors (D)
  A lindwurm (D)
  An orange crystal statue (D)
  Joseph (D)
  6 ugly things (D)
  An orc knight (D)
  6 deep elf magi (D)
  4 crystal guardians (D)
  A glowing shapeshifter (D)
  A black mamba (D)
  An elephant (D)
  2 spiny frogs (D)
  A komodo dragon (D)
  A rime drake (D)
  3 wandering mushrooms (D)
  4 spriggan defenders (D)
  A queen bee (D)
  A troll (shapeshifter) (D)
  An orc high priest (D)
  2 tyrant leeches (D)
  2 slime creatures (D)
  8 blink frogs (D)
  3 redbacks (D)
  A shadow (D)
  2 spriggans (D)
  A basilisk (D)
  A naga (D)
  A spatial vortex (D)
  2 hell hounds (D)
  A necrophage (D)
  2 orc warriors (D)
  A swamp drake (D)
  A black bear (D)
  2 fire dragon simulacra (D)
  A black mamba simulacrum (D)
  2 centaurs (D)
  An earth elemental (D)
  A water elemental (D)
  A scorpion (D)
  33 killer bees (D)
  An electric eel (D)
  A jelly (D)
  A hound (D)
  3 orc priests (D)
  3 orc wizards (D)
  A wizard (D)
  2 necromancers (D)
  A polar bear simulacrum (D)
  3 humans (D)
  A kobold demonologist (D)
  A river rat (D)
  A worm (D)
  7 orcs (D)
  5 rats (D)
  2 plants (D)
169 creatures vanquished.

Vanquished Creatures (collateral kills)
  A titan (D)
  Polyphemus (D)
  Gastronok (D)
  2 vault guards (D)
  3 dancing weapons (D)
  A death yak (D)
  An elephant (D)
  A black mamba (D)
  3 dream sheep (D)
  A plant (D)
15 creatures vanquished.

Vanquished Creatures (others)
  A golden dragon (D)
  2 draconian scorchers (D)
  2 hydras (D)
  An ugly thing (D)
  3 yaktaurs (D)
  6 hellions (D)
  2 ball lightnings (D)
  3 bushes (D)
  14 plants (D)
34 creatures vanquished.

Grand Total: 218 creatures vanquished

Notes
Turn   | Place    | Note
-------+----------+-------------------------------------------
     0 | D        | MikeHunt the Felid Transmuter began the quest for the Orb.
     0 | D        | Reached XP level 1. HP: 9/9 MP: 4/4
     6 | D        | Reached skill level 2 in Stealth
    28 | D        | Reached skill level 3 in Stealth
    46 | D        | Noticed a scorpion
    79 | D        | Killed a scorpion
    79 | D        | Reached skill level 9 in Stealth
    79 | D        | Reached XP level 2. HP: 6/12 MP: 6/6
    79 | D        | Reached XP level 3. HP: 8/15 MP: 7/7
    95 | D        | Killed a hellion
   105 | D        | Killed a yaktaur
   113 | D        | Killed a hellion
   113 | D        | Killed a hellion
   114 | D        | Killed a hellion
   114 | D        | Killed a hellion
   137 | D        | Learned a level 2 spell: Sticks to Snakes
   182 | D        | Killed a white draconian scorcher
   185 | D        | Killed a hellion
   230 | D        | Killed a white draconian scorcher
   262 | D        | Noticed a water elemental
   264 | D        | Killed a water elemental
   264 | D        | Reached skill level 5 in Unarmed Combat
   264 | D        | Reached skill level 5 in Transmutations
   264 | D        | Reached XP level 4. HP: 19/19 MP: 8/8
   277 | D        | Learned a level 3 spell: Spider Form
   278 | D        | Noticed a shadow
   280 | D        | Killed a shadow
   280 | D        | Reached skill level 12 in Stealth
   280 | D        | Reached XP level 5. HP: 22/22 MP: 9/9
   280 | D        | Gained mutation: You are covered in thick fur. (AC +2)
                  | [Felid growth]
   280 | D        | Reached XP level 6. HP: 25/25 MP: 10/10
   290 | D        | Found a blossoming altar of Fedhas.
   290 | D        | Found a stormy altar of Qazlal.
   291 | D        | Found a snail-covered altar of Cheibriados.
   291 | D        | Found a burning altar of Makhleb.
   291 | D        | Found a hazy altar of Hepliaklqana.
   291 | D        | Found a shimmering altar of Xom.
   291 | D        | Found an opulent altar of Gozag.
   291 | D        | Found a sparkling altar of Nemelex Xobeh.
   291 | D        | Found a corrupted altar of Lugonu.
   291 | D        | Found a viscous altar of Jiyva.
   291 | D        | Noticed a spatial vortex
   295 | D        | Became a worshipper of Nemelex Xobeh the Trickster
   459 | D        | Found a basalt altar of Yredelemnul.
   459 | D        | Found a shadowy altar of Dithmenos.
   459 | D        | Found a sacrificial altar of Ru.
   468 | D        | Reached skill level 13 in Stealth
   477 | D        | Reached skill level 14 in Stealth
   508 | D        | Found a radiant altar of Vehumet.
   509 | D        | Found a deep blue altar of Sif Muna.
   509 | D        | Found an ancient bone altar of Kikubaaqudgha.
   514 | D        | Noticed a chaos spawn
   535 | D        | Learned a level 5 spell: Blade Hands
   539 | D        | Found a hide-covered altar of Uskayaw.
   539 | D        | Received a gift from Nemelex Xobeh
   539 | D        | Found an iron altar of Okawaru.
   540 | D        | Found a roughly hewn altar of Beogh.
   540 | D        | Found a bloodstained altar of Trog.
   540 | D        | Found an ornate altar of the Wu Jian Council.
   540 | D        | Noticed a human
   540 | D        | Noticed a human
   542 | D        | Killed a human
   542 | D        | Reached XP level 7. HP: 26/29 MP: 14/14
   543 | D        | Killed a human
   543 | D        | Reached skill level 5 in Dodging
   554 | D        | Found a glowing silver altar of Zin.
   555 | D        | Found a glowing golden altar of the Shining One.
   555 | D        | Found a white marble altar of Elyvilon.
   555 | D        | Noticed a deep elf mage
   557 | D        | Killed a deep elf mage
   557 | D        | Reached skill level 5 in Fighting
   557 | D        | Reached skill level 5 in Invocations
   557 | D        | Reached XP level 8. HP: 34/36 MP: 15/15
   576 | D        | Noticed Josephine
   581 | D        | Killed Josephine
   695 | D        | Learned a level 4 spell: Ice Form
   739 | D        | Found Igim's Distillery.
   739 | D        | Reached * piety under Nemelex Xobeh
   739 | D        | Received a gift from Nemelex Xobeh
   739 | D        | Noticed an orc knight
   814 | D        | Reached XP level 9. HP: 41/41 MP: 12/16
   828 | D        | Killed an orc knight
   862 | D        | Reached skill level 10 in Dodging
  1147 | D        | Bought a potion of agility for 44 gold pieces
  1147 | D        | Bought a potion of flight for 33 gold pieces
  1147 | D        | Bought a potion of mutation for 88 gold pieces
  1147 | D        | Bought 2 potions of heal wounds for 110 gold pieces
  1147 | D        | Bought a potion of agility for 44 gold pieces
  1147 | D        | Bought a potion of experience for 550 gold pieces
  1147 | D        | Bought a potion of haste for 110 gold pieces
  1147 | D        | Bought 2 potions of heal wounds for 110 gold pieces
  1147 | D        | Bought a potion of brilliance for 44 gold pieces
  1147 | D        | Bought a potion of curing for 33 gold pieces
  1147 | D        | Bought a potion of degeneration for 11 gold pieces
  1149 | D        | Reached skill level 5 in Ice Magic
  1149 | D        | Reached XP level 10. HP: 42/47 MP: 17/17
  1152 | D        | Gained mutation: You possess an exceptional clarity of
                  | mind. [potion of mutation]
  1152 | D        | Gained mutation: You have a pair of small antennae on your
                  | head. [potion of mutation]
  1152 | D        | Gained mutation: You are agile. (Dex +2) [potion of
                  | mutation]
  1152 | D        | Gained mutation: You are very agile. (Dex +4) [potion of
                  | mutation]
  1166 | D        | Received a gift from Nemelex Xobeh
  1166 | D        | Noticed a centaur warrior
  1200 | D        | Slain by a centaur warrior
  1201 | D        | Reached XP level 9. HP: -3/44 MP: 15/16
  1244 | D        | Reached ** piety under Nemelex Xobeh
  1247 | D        | Noticed an unseen horror
  1250 | D        | Killed a centaur warrior
  1250 | D        | Reached skill level 10 in Unarmed Combat
  1252 | D        | an unseen horror changed into a basilisk
  1257 | D        | Killed by an exploding ball lightning
  1258 | D        | Reached XP level 8. HP: -3/41 MP: 15/15
  1291 | D        | Noticed a wandering mushroom
  1295 | D        | Noticed a wandering mushroom
  1297 | D        | Noticed a wandering mushroom
  1312 | D        | Received a gift from Nemelex Xobeh
  1313 | D        | Noticed a queen bee
  1327 | D        | Reached XP level 9. HP: 32/45 MP: 9/16
  1743 | D        | Killed a yaktaur
  1782 | D        | Killed a queen bee
  1782 | D        | Reached skill level 10 in Fighting
  1824 | D        | Killed a wandering mushroom
  1824 | D        | Reached skill level 10 in Invocations
  1832 | D        | Reached XP level 10. HP: 51/51 MP: 16/18
  1950 | D        | Reached *** piety under Nemelex Xobeh
  1950 | D        | Noticed a spiny frog
  1950 | D        | Noticed a spiny frog
  1961 | D        | Killed a spiny frog
  1961 | D        | Reached skill level 15 in Stealth
  1964 | D        | Killed a spiny frog
  1967 | D        | Reached skill level 16 in Stealth
  2162 | D        | Received a gift from Nemelex Xobeh
  2174 | D        | Reached skill level 17 in Stealth
  2183 | D        | Received a gift from Nemelex Xobeh
  2505 | D        | Noticed a deep elf mage
  2505 | D        | Noticed a deep elf mage
  2505 | D        | Noticed a deep elf mage
  2505 | D        | Noticed a deep elf mage
  2505 | D        | Noticed a deep elf mage
  2517 | D        | Killed a deep elf mage
  2521 | D        | Killed a deep elf mage
  2521 | D        | Reached skill level 18 in Stealth
  2533 | D        | Killed a deep elf mage
  2535 | D        | Killed a deep elf mage
  2541 | D        | Killed a deep elf mage
  2541 | D        | Reached skill level 19 in Stealth
  2589 | D        | Noticed Harold
  2589 | D        | Noticed Joseph
  2595 | D        | Identified the -1 trident of Cruel Justice {drain, rC+ MR++
                  | Int-2 Dex+4}
  2609 | D        | Killed Harold
  2609 | D        | Reached skill level 20 in Stealth
  2609 | D        | Reached XP level 11. HP: 20/55 MP: 19/19
  2615 | D        | Killed Joseph
  2620 | D        | Killed a seven-headed hydra
  2736 | D        | Killed an eight-headed hydra
  2779 | D        | Reached skill level 21 in Stealth
  2784 | D        | Received a gift from Nemelex Xobeh
  2787 | D        | Reached **** piety under Nemelex Xobeh
  2803 | D        | Noticed a lindwurm
  2959 | D        | Noticed Urug
  2965 | D        | Killed Urug
  2967 | D        | Killed a lindwurm
  2987 | D        | Received a gift from Nemelex Xobeh
  3279 | D        | Received a gift from Nemelex Xobeh
  3279 | D        | Noticed a dire elephant
  3279 | D        | Noticed a dire elephant
  3279 | D        | Noticed Gastronok
  3288 | D        | Reached skill level 5 in Spellcasting
  3304 | D        | Killed a dire elephant
  3325 | D        | Learned a level 5 spell: Fireball
  3365 | D        | HP: 1/55 [dire elephant (36)]
  3592 | D        | Killed a dire elephant
  3654 | D        | Killed Gastronok
  3667 | D        | Noticed Rupert
  3668 | D        | Killed Rupert
  3668 | D        | Gained mutation: Your thick and shaggy fur keeps you warm.
                  | (AC +3, rC+) [Felid growth]
  3668 | D        | Reached XP level 12. HP: 45/60 MP: 23/23
  3691 | D        | Noticed an azure jelly
  3691 | D        | Noticed an azure jelly
  3691 | D        | Noticed an azure jelly
  3692 | D        | Noticed an azure jelly
  3698 | D        | Reached ***** piety under Nemelex Xobeh
  3706 | D        | Received a gift from Nemelex Xobeh
  3707 | D        | Noticed a death yak
  3708 | D        | Noticed a death yak
  3708 | D        | Noticed a death yak
  3708 | D        | Noticed a death yak
  3728 | D        | Killed a death yak
  3737 | D        | Killed a death yak
  3745 | D        | Killed a death yak
  3749 | D        | Killed a death yak
  3964 | D        | Noticed Polyphemus
  3983 | D        | Killed Polyphemus
  3985 | D        | Received a gift from Nemelex Xobeh
  4067 | D        | Noticed Ilsuiw
  4068 | D        | Noticed Ilsuiw
  4068 | D        | Ilsuiw changed into Ilsuiw the dire elephant
  4070 | D        | Noticed Ilsuiw
  4070 | D        | Ilsuiw the dire elephant changed into Ilsuiw the glowing
                  | orange brain
  4072 | D        | Killed Ilsuiw the glowing orange brain
  4074 | D        | Found Heelacw's Food Shoppe.
  4077 | D        | Noticed a merfolk javelineer
  4083 | D        | Killed a merfolk javelineer
  4156 | D        | Received a gift from Nemelex Xobeh
  4162 | D        | Found Kenauw's Gadget Boutique.
  4163 | D        | Found Ogestrul's Antique Weapon Emporium.
  4196 | D        | Got a barnacled rune of Zot
  4209 | D        | Bought a lightning rod (4/4) for 520 gold pieces
  4209 | D        | Bought a lamp of fire for 520 gold pieces
  4209 | D        | Bought a fan of gales for 520 gold pieces
  4209 | D        | Bought a wand of disintegration (11) for 195 gold pieces
  4209 | D        | Bought a wand of enslavement (11) for 169 gold pieces
  4309 | D        | Received a gift from Nemelex Xobeh
  4415 | D        | Noticed a fire dragon
  4427 | D        | Killed a fire dragon
  4431 | D        | Reached skill level 5 in Evocations
  4456 | D        | Found Wiafuowymo's Antique Armour Emporium.
  4456 | D        | Found Paeddaca's Food Shop.
  4458 | D        | Found Fuiplutu's Book Shoppe.
  4458 | D        | Noticed a fire dragon
  4476 | D        | Found a blossoming altar of Fedhas.
  4817 | D        | Received a gift from Nemelex Xobeh
  5038 | D        | Received a gift from Nemelex Xobeh
  5043 | D        | Reached ****** piety under Nemelex Xobeh
  5226 | D        | Received a gift from Nemelex Xobeh
  5229 | D        | Found Amuifyu's Food Emporium.
  5229 | D        | Found Imosk's Gadget Shop.
  5229 | D        | Found Poirez's Food Shoppe.
  5229 | D        | Found Mesoziur's Book Boutique.
  5229 | D        | Found Limuxedo's Assorted Antiques.
  5229 | D        | Found Bojirel's Antique Armour Shop.
  5229 | D        | Found Onaukhluo's Magic Scroll Emporium.
  5229 | D        | Found Gepeti's Distillery.
  5230 | D        | Found Zoagahak's Antique Weapon Boutique.
  5230 | D        | Found Dubbi's Jewellery Shoppe.
  5230 | D        | Found Quruvvom's Weapon Shop.
  5230 | D        | Found Yzypp's Food Emporium.
  5272 | D        | Reached skill level 10 in Evocations
  5469 | D        | Reached XP level 13. HP: 54/63 MP: 24/24
  5510 | D        | Received a gift from Nemelex Xobeh
  5544 | D        | Received a gift from Nemelex Xobeh
  5544 | D        | Noticed a fire dragon
  5569 | D        | Killed a fire dragon
  6197 | D        | Killed a fire dragon
  6285 | D        | Shot with a bolt by a yaktaur captain
  6286 | D        | Reached XP level 12. HP: -36/61 MP: 23/23
  6360 | D        | Received a gift from Nemelex Xobeh
  6370 | D        | Slain by a +2 trident of flaming
  6371 | D        | Reached XP level 11. HP: -1/58 MP: 21/22
  6380 | D        | Killed a +2 trident of flaming
  6528 | D        | Noticed a white ugly thing
  6528 | D        | Noticed a brown ugly thing
  6541 | D        | Killed a brown ugly thing
  6596 | D        | Noticed a green ugly thing
  6597 | D        | Received a gift from Nemelex Xobeh
  6598 | D        | Noticed an ettin
  6598 | D        | a slime creature changed into an ettin
  6599 | D        | an ettin changed into a wind drake
  6633 | D        | Killed a white ugly thing
  6640 | D        | Killed a white ugly thing
  6904 | D        | Received a gift from Nemelex Xobeh
  6917 | D        | Received a gift from Nemelex Xobeh
  6923 | D        | Noticed a skeletal warrior
  6924 | D        | Noticed an iron golem
  6926 | D        | Killed an iron golem
  6927 | D        | Killed a skeletal warrior
  6930 | D        | Received a gift from Nemelex Xobeh
  6930 | D        | Noticed a necromancer
  6933 | D        | Killed a necromancer
  6943 | D        | Noticed a hell knight
  6943 | D        | Noticed a hell knight
  7023 | D        | Noticed a yaktaur captain
  7159 | D        | Killed a yaktaur captain
  7238 | D        | Noticed Chuck
  7239 | D        | Noticed an alligator
  7240 | D        | Noticed a glowing shapeshifter
  7240 | D        | an alligator changed into a glowing shapeshifter
  7240 | D        | Noticed Chuck
  7240 | D        | Chuck changed into Chuck the golden dragon
  7240 | D        | Killed a glowing shapeshifter
  7241 | D        | Killed Chuck the golden dragon
  7241 | D        | Reached skill level 15 in Unarmed Combat
  7241 | D        | Reached XP level 12. HP: 64/64 MP: 14/23
  7244 | D        | Learned a level 1 spell: Apportation
  7255 | D        | Identified the Compendium of Mutagenic Beguiling
  7263 | D        | Noticed Frederick
  7363 | D        | Noticed Frederick
  7363 | D        | Frederick changed into Frederick the titan
  7372 | D        | Killed Frederick the titan
  7372 | D        | Reached skill level 15 in Fighting
  7398 | D        | Noticed a catoblepas
  7400 | D        | Noticed a storm dragon
  7403 | D        | Noticed a dire elephant
  7403 | D        | a storm dragon changed into a dire elephant
  7408 | D        | Noticed a quicksilver dragon
  7492 | D        | Noticed a ghost moth
  7495 | D        | a ghost moth changed into a glowing shapeshifter
  7552 | D        | Received a gift from Nemelex Xobeh
  7558 | D        | Noticed a lich
  7561 | D        | Killed a lich
  7566 | D        | Noticed a shadow dragon
  7571 | D        | Noticed an ogre mage
  7571 | D        | Noticed a shadow dragon
  7572 | D        | Noticed a quicksilver dragon
  7572 | D        | a shadow dragon changed into a quicksilver dragon
  7572 | D        | Noticed a sphinx
  7572 | D        | a shadow dragon changed into a sphinx
  7572 | D        | an ogre mage changed into a deep troll
  7578 | D        | Noticed an alligator
  7578 | D        | a quicksilver dragon changed into an alligator
  7586 | D        | Killed an alligator
  7602 | D        | Reached skill level 15 in Dodging
  7674 | D        | Killed a sphinx
  7679 | D        | Received a gift from Nemelex Xobeh
  7721 | D        | Noticed a vault guard
  7734 | D        | Killed a vault guard
  7735 | D        | Noticed a vault guard
  7740 | D        | Killed a vault guard
  7744 | D        | Noticed a stone giant
  7744 | D        | Noticed a fire giant
  7744 | D        | Noticed a vault guard
  7744 | D        | Noticed a vault guard
  7744 | D        | Noticed a stone giant
  7744 | D        | Noticed a centaur warrior
  7795 | D        | Killed a vault guard
  7907 | D        | Noticed a shadow dragon
  8138 | D        | Identified the +2 demon trident of Invincibility {freeze,
                  | Int+4 Stlth+}
  8140 | D        | Identified the +0 trident "Puesow" {speed, rF+ MR++ Str-2
                  | Dex+4}
  8151 | D        | Killed a shadow dragon
  8151 | D        | Reached XP level 13. HP: 19/70 MP: 19/26
  8153 | D        | Demolished by a stone giant

Levels and vault maps discovered:
D:        dungeon_sprint_mu [sprint_mu_entry_forest, sprint_mu_temple_rooms,
          sprint_mu_d1_horrors, sprint_mu_d2_genie, sprint_mu_d3_branching,
          sprint_mu_orc_legion, sprint_mu_elf_gauntlet, sprint_mu_hive_nellie,
          sprint_mu_lair_fedhas, sprint_mu_vaults_butterflies,
          sprint_mu_slime_circle, sprint_mu_swamp_cave, sprint_mu_shoals_archi,
          sprint_mu_blade_basic, sprint_mu_crypt_fortress,
          sprint_mu_tomb_spiral, sprint_mu_vestibule_basic,
          sprint_mu_gehenna_hellfire, sprint_mu_dis_giant,
          sprint_mu_tartarus_statrot, sprint_mu_cocytus_islands, sprint_mu_zot1]

Skill      XL: |  1  2  3  4  5  6  7  8  9 10 11 12 13 |
---------------+----------------------------------------+-----
Stealth        | 9 12 14 20 21 | 21.5
Transmutations | 5 7 8 9 |  9.6
Unarmed Combat | 5 6 7 8 11 15 16 12 | 16.2
Poison Magic   | 3 |  3.7
Spellcasting   | 4 6 8 |  8.5
Fighting       | 2 5 6 10 8 14 15 12 | 15.8
Dodging        | 4 7 9 13 14 16 | 16.4
Invocations    | 2 5 6 10 11 14 | 14.0
Ice Magic      | 5 |  5.0
Conjurations   | 6 8 |  8.9
Fire Magic     | 6 8 |  8.9
Evocations     | 11 | 11.3

Action                   |  1- 3 |  4- 6 |  7- 9 | 10-12 | 13-15 || total
-------------------------+-------+-------+-------+-------+-------++-------
Melee: Unarmed           |    23 |    25 |   154 |   269 |    35 ||   506
       Bite              |     4 |     1 |     5 |    18 |     5 ||    33
       Headbutt          |     4 |       |       |       |       ||     4
       Punch             |       |       |     3 |    19 |     3 ||    25
 Cast: Beastly Appendage |     2 |       |       |       |       ||     2
       Sticks to Snakes  |     2 |       |     2 |       |       ||     4
       Spider Form       |       |     2 |       |       |       ||     2
       Ice Form          |       |       |     5 |     5 |       ||    10
       Blade Hands       |       |       |     3 |    21 |     3 ||    27
       Fireball          |       |       |       |    20 |       ||    20
       Apportation       |       |       |       |     6 |       ||     6
Invok: Deal Four         |       |       |       |     2 |     1 ||     3
       Stack Five        |       |       |       |     1 |       ||     1
 Abil: Draw Destruction  |       |       |     8 |    61 |     3 ||    72
       Draw Summoning    |       |       |     1 |    21 |     3 ||    25
       Draw Escape       |       |       |     1 |     3 |       ||     4
       End Transformatio |       |       |       |     2 |       ||     2
Evoke: Lightning rod     |       |       |       |     3 |     4 ||     7
       Wand              |       |       |       |     4 |       ||     4
  Use: Potion            |       |       |     1 |     8 |     3 ||    12
       Scroll            |       |       |       |     4 |     2 ||     6
 Stab: Sleeping          |     4 |     5 |     3 |    10 |     4 ||    26
       Distracted        |       |       |     3 |     5 |       ||     8
       Petrified         |       |       |       |     3 |       ||     3
       Paralysed         |       |       |       |     1 |       ||     1
  Eat: Chunk             |     6 |       |     9 |    34 |       ||    49
       Ration            |       |       |       |     1 |       ||     1
Armor: Skin              |       |     2 |    14 |     4 |     4 ||    24
Dodge: Dodged            |    15 |     9 |   154 |   217 |    54 ||   449

Table legend:
 A = Non-vault XP
 B = Vault XP
 C = Vault XP percentage of total XP
 D = Non-vault monster count
 E = Vault monster count
 F = Vault count percentage of total count
                 A         B        C        D         E       F
            +---------+---------+-------+---------+---------+-------
      Total |       0 |   71619 | 100.0 |       0 |     183 | 100.0
            +---------+---------+-------+---------+---------+-------
          D |       0 |   71619 | 100.0 |       0 |     183 | 100.0
            +---------+---------+-------+---------+---------+-------
